 Dungeon Crawl Stone Soup version 0.30-a0-867-g305f33218d (webtiles) character file.

Game seed: 4245069291139356462

184 Grim the Chopper (level 5, -1/67 HPs)
             Began as a Minotaur Berserker on Mar 10, 2023.
             Was a Believer of Trog.
             Slain by a gnoll
             ... wielding a +0 halberd
             ... led by a gnoll bouda
              (12 damage)
             ... on level 4 of the Dungeon.
             The game lasted 00:03:24 (2212 turns).

Grim the Chopper (Minotaur Berserker)               Turns: 2212, Time: 00:03:25

Health: -1/67      AC:  5    Str: 22    XL:     5   Next: 36%
Magic:  4/4        EV: 11    Int:  4    God:    Trog [**....]
Gold:   112        SH:  0    Dex: 11    Spells: 4/4 levels left

rFire   . . .      SeeInvis .    a - +0 hand axe
rCold   . . .      Faith    .    (no shield)
rNeg    . . .      Spirit   .    g - +0 ring mail
rPois   .          Reflect  .    (helmet restricted)
rElec   .          Rampage  .    (no cloak)
rCorr   .                        (no gloves)
Will    .....                    (no boots) Stlth
                                 (no amulet)
HPRegen 0.31/turn                (no ring)
MPRegen 0.09/turn                (no ring)

@: berserking, very quick
A: horns 2, retaliatory headbutt
a: Renounce Religion, Berserk, Trog's Hand


You were on level 4 of the Dungeon.
You worshipped Trog.
Trog was pleased with you.
You visited 1 branch of the dungeon, and saw 4 of its levels.

You collected 112 gold pieces.

Inventory:

Hand Weapons
 a - a +0 hand axe (weapon)
 b - a +0 heavy sling
Armour
 g - a +0 ring mail (worn)
 h - a +0 animal skin
Jewellery
 e - a ring of ice
 m - a +6 ring of strength
Wands
 i - a wand of flame (20)
Scrolls
 c - 2 scrolls of amnesia {unknown}
 f - 2 scrolls of noise {unknown}
 j - a scroll of identify {unknown}
 k - a scroll of immolation {unknown}
 n - a scroll of blinking {unknown}
 p - a scroll of brand weapon {unknown}
 r - a scroll of enchant armour {unknown}
Potions
 d - 5 potions of heal wounds {unknown}
 l - a potion of ambrosia {unknown}
 o - 2 potions of haste {unknown}
 q - a potion of attraction {unknown}
 s - a potion of brilliance {unknown}


   Skills:
 - Level 3.6 Fighting
 + Level 7.4 Axes
 - Level 2.4 Armour
 - Level 2.1 Dodging


You had 4 spell levels left.
You didn't know any spells.
Your spell library was empty.

Dungeon Overview and Level Annotations

Branches:
Dungeon (4/15)
 Temple: D:4-7

Altars:
Ashenzari
Hepliaklqana
Xom

Shops:
D:1 ?


Innate Abilities, Weirdness & Mutations

You have a pair of horns on your head.
You reflexively headbutt those who attack you in melee.


Message History

Found a leather armour.
Found a blackened bone wand. 2 gnolls come into view.
Found a scroll labelled XYLLYEDEUT.
The gnoll shouts! x2
A gnoll comes into view. It is wielding a +0 whip.
A gnoll comes into view. It is wielding a +0 halberd.
The gnoll moves out of view.
You see here a wand of mindburst (5).
You shoot a sling bullet.
The sling bullet barely misses the gnoll.
The gnoll shouts! x2
The sling bullet hits the gnoll.
The gnoll is heavily wounded.
A gnoll bouda comes into view. It is wielding a +0 club.
The gnoll bouda moves out of view.
You shoot a sling bullet.
The sling bullet barely misses the gnoll.
The sling bullet closely misses the gnoll.
a - a +0 hand axe (weapon)
The gnoll bouda shouts!
The gnoll hits you with a +0 whip.
The gnoll hits you from afar with a +0 spear.
The gnoll hits you with a +0 halberd.
The gnoll hits you from afar with a +0 halberd!
* * * LOW HITPOINT WARNING * * *
A red film seems to cover your vision as you go berserk!
You feel yourself moving faster!
You feel mighty!
The gnoll hits you from afar with a +0 spear!
* * * LOW HITPOINT WARNING * * *
The gnoll hits you with a +0 halberd!
* * * LOW HITPOINT WARNING * * *
The gnoll hits you from afar with a +0 halberd!
* * * LOW HITPOINT WARNING * * *
You closely miss the gnoll. Your headbutt misses the gnoll. You hit the gnoll.
The gnoll hits you with a +0 whip.
* * * LOW HITPOINT WARNING * * *
The gnoll hits you but does no damage.
The gnoll hits you from afar with a +0 halberd!
You die...

#..##.....###......#...#
#..###....###...........
.... ##..............#.#
....# #...........(...#
..... ......<.........#
.# #.....#.##.....#.##
......#.##.....[...
........../..##...
..........@g.# ..
#.......g## .
.......gg..
.......g.....
#...###......# ##..
##..##... .?. ..# ... ##
... #.


You could see a gnoll bouda and 4 gnolls.

Vanquished Creatures
  Jessica (D:2)
  An orc wizard (D:3)
  4 gnolls (D:2)
  3 adders
  4 worms
  4 orcs (D:3)
  3 endoplasms
  2 giant cockroaches
  6 goblins
  5 hobgoblins
  2 jackals (D:3)
  3 quokkas
  5 ball pythons
  A bat (D:2)
  4 frilled lizards
  4 kobolds
  5 rats
57 creatures vanquished.

Notes
Turn   | Place    | Note
-------+----------+-------------------------------------------
     0 | D:1      | Grim the Minotaur Berserker began the quest for the Orb.
     0 | D:1      | Reached XP level 1. HP: 19/19 MP: 0/0
    72 | D:1      | Reached skill level 4 in Axes
   297 | D:1      | Reached XP level 2. HP: 26/26 MP: 1/1
   503 | D:1      | Found Yte Ull's Magic Scroll Shoppe.
   840 | D:2      | Reached ** piety under Trog
   887 | D:2      | Reached skill level 5 in Axes
   894 | D:2      | Reached XP level 3. HP: 25/31 MP: 2/2
  1102 | D:2      | Found a broken altar of Ashenzari.
  1117 | D:2      | Noticed Jessica
  1120 | D:2      | Killed Jessica
  1121 | D:2      | Reached skill level 6 in Axes
  1121 | D:2      | Reached XP level 4. HP: 38/39 MP: 3/3
  1773 | D:3      | Reached XP level 5. HP: 45/45 MP: 4/4
  1797 | D:3      | Reached skill level 7 in Axes
  2132 | D:3      | Found a hazy altar of Hepliaklqana.
  2133 | D:3      | Found a shimmering altar of Xom.
  2134 | D:3      | Noticed a spectral ugly thing
  2176 | D:3      | You fall into a shaft and drop 1 floor!
  2212 | D:4      | Slain by a gnoll

Illustrated notes

Levels and vault maps discovered:
D:1:      lightli_arrival_noodles, layout_basic, serial_shops,
          nicolae_diamond_shop, st_stairs_12
D:2:      layout_loops_ring, basic_altar, uniq_jessica
D:3:      layout_loops_cross, regret_index_temple_of_mockery,
          fiery_altar_vehumet, item_on_display_a, uniq_sigmund
D:4:      layout_cave_pools, mainiacjoe_overflow_boulevard,
          mainiacjoe_overflow_alcove_1, portal_sewer_entry_e

Skill      XL: |  1  2  3  4  5 |
---------------+----------------+-----
Axes           | 4 5 6 7 |  7.4
Fighting       | |  3.6
Armour         | |  2.4
Dodging        | |  2.1

Action                     |  1- 3 |  4- 6 || total
---------------------------+-------+-------++-------
  Melee: Hand axe          |    50 |    46 ||    96
         Headbutt          |     5 |     4 ||     9
         Punch             |     1 |       ||     1
   Fire: Sling             |    13 |    31 ||    44
 Invoke: Berserk           |       |     3 ||     3
 Armour: Animal skin       |     4 |       ||     4
         Ring mail         |    13 |    20 ||    33
  Dodge: Dodged            |    31 |    25 ||    56

Table legend: (Time is in decaauts)
 A = Elapsed time spent in this place.
 B = Non-inter-level travel time spent in this place.
 C = Inter-level travel time spent in this place.
 D = Time resting spent in this place.
 E = Time spent auto-exploring this place.
 F = Levels seen in this place.
 G = Mean time per level.
                   A        B        C        D        E       F      G
               +--------+--------+--------+--------+--------+-----+--------+
         Total |   2255 |   2218 |     37 |    308 |   1520 |   4 |  563.8 |
       Dungeon |   2255 |   2218 |     37 |    308 |   1520 |   4 |  563.8 |
               +--------+--------+--------+--------+--------+-----+--------+

Top non-repeatable levels by time:
     D:2: 911 daAuts
     D:1: 832 daAuts
     D:3: 474 daAuts
     D:4: 37 daAuts
